3AA
MYRTLE BEACH MERMEN @ VIRGINIA BEACH DEUCES
08/02/2027
 
TOP OF THE 1ST
Myrtle Beach Mermen batting - Pitching for Virginia Beach Deuces : RHP Orlando Uribe
Pitching: RHP Orlando Uribe
Batting: RHB Sergio Pérez 0-0: Called Strike
0-1: SINGLE (Groundball, 6D)
Batting: RHB Sixto Estrada 0-0: Ball
1-0: Called Strike
1-1: Ball
2-1: Foul Ball, location: 2F
2-2: Ball
3-2: SINGLE (Groundball, 34D)
Sergio Pérez to second
Runner from 2nd tries for 3rd, SAFE, no throw
Batting: LHB Juan Villanueva 0-0: Called Strike
Sixto Estrada steals 2nd base
0-1: Ball
1-1: Ball
2-1: Ball
3-1: Swinging Strike
3-2: Foul Ball, location: 2F
3-2: Foul Ball, location: 2F
3-2: Base on Balls
Batting: LHB Philip Strickland 0-0: Ball
1-0: Called Strike
1-1: Ball
2-1: Swinging Strike
2-2: Ball
3-2: Fly out, F7 (Flyball, 78XD)
Runner from 3rd tags up, SCORES, no throw
Sixto Estrada to third
Batting: RHB Sal Haynes 0-0: Ball
Throwing error on steal attempt, E2
Sixto Estrada scores
Juan Villanueva to third
1-0: Ball
2-0: Ball
3-0: Called Strike
3-1: Ground out 4-3 (Groundball, 4)
Juan Villanueva scores
Batting: RHB Theodore York 0-0: Ball
1-0: Ball
2-0: Called Strike
2-1: Foul Ball, location: 2F
2-2: Strikes out swinging
Top of the 1st over - 3 run(s), 2 hit(s), 1 error(s), 0 left on base; Myrtle Beach 3 - Virginia Beach 0
BOTTOM OF THE 1ST
Virginia Beach Deuces batting - Pitching for Myrtle Beach Mermen : RHP José López
Pitching: RHP José López
Batting: RHB Rodney Dudley 0-0: Ball
1-0: Swinging Strike
1-1: Called Strike
1-2: Ball
2-2: Fly out, F6 (Line Drive, 56D)
Batting: RHB Robert Emmet Odlum 0-0: Called Strike
0-1: SINGLE (Groundball, 6D)
Batting: LHB Kendrick Sullivan 0-0: Ball
1-0: TRIPLE (Line Drive, 8LXD)
Robert Emmet Odlum scores
Batting: LHB Atílio Mansilhas 0-0: Swinging Strike
0-1: Ball
1-1: Foul Ball, location: 2F
1-2: Ball
2-2: Strikes out swinging
Batting: SHB Carlos Pérez 0-0: Foul Ball, location: 2F
0-1: Called Strike
0-2: Ball
1-2: Ground out 4-3 (Groundball, 34)
Bottom of the 1st over - 1 run(s), 2 hit(s), 0 error(s), 1 left on base; Myrtle Beach 3 - Virginia Beach 1
TOP OF THE 2ND
Myrtle Beach Mermen batting - Pitching for Virginia Beach Deuces : RHP Orlando Uribe
Batting: RHB Sancho Romero 0-0: Ball
1-0: Foul Ball, location: 2F
1-1: Called Strike
1-2: Foul Ball, location: 2F
1-2: Ball
2-2: Ball
3-2: Fly out, F9 (Flyball, 9S)
Batting: RHB Pancho Núñez 0-0: Called Strike
0-1: Ground out 3-1 (Groundball, 34S)
Batting: SHB David Vázquez 0-0: Ground out U3 (Groundball, 3)
Top of the 2nd over - 0 run(s), 0 hit(s), 0 error(s), 0 left on base; Myrtle Beach 3 - Virginia Beach 1
BOTTOM OF THE 2ND
Virginia Beach Deuces batting - Pitching for Myrtle Beach Mermen : RHP José López
Batting: RHB Reg Spiers 0-0: Foul Ball, location: 2F
0-1: Fly out, F9 (Flyball, 89D)
Batting: RHB Dennis Dudash 0-0: DOUBLE (Flyball, 78M)
Batting: SHB Gabriel Pittman 0-0: Foul Ball, location: 2F
0-1: Ball
1-1: Foul Ball, location: 2F
1-2: Strikes out swinging
Batting: LHB Ramón Castro 0-0: Called Strike
0-1: Foul Ball, location: 2F
0-2: Strikes out swinging
Bottom of the 2nd over - 0 run(s), 1 hit(s), 0 error(s), 1 left on base; Myrtle Beach 3 - Virginia Beach 1
TOP OF THE 3RD
Myrtle Beach Mermen batting - Pitching for Virginia Beach Deuces : RHP Orlando Uribe
Batting: RHB Sergio Pérez 0-0: Ball
1-0: Called Strike
1-1: Ball
2-1: Ball
3-1: Base on Balls
Batting: RHB Sixto Estrada 0-0: Ball
1-0: Ball
2-0: Swinging Strike
2-1: Ground out 3-1 (Groundball, 34S)
Sergio Pérez to second
Batting: LHB Juan Villanueva 0-0: Swinging Strike
0-1: Called Strike
0-2: Foul Ball, location: 2F
0-2: Strikes out swinging
Batting: LHB Philip Strickland 0-0: Called Strike
0-1: Ball
1-1: Fly out, F7 (Flyball, 78S)
Top of the 3rd over - 0 run(s), 0 hit(s), 0 error(s), 1 left on base; Myrtle Beach 3 - Virginia Beach 1
BOTTOM OF THE 3RD
Virginia Beach Deuces batting - Pitching for Myrtle Beach Mermen : RHP José López
Batting: RHB Rodney Dudley 0-0: Foul Ball, location: 2F
0-1: Ground out 2-3 (Groundball, 2R)
Batting: RHB Robert Emmet Odlum 0-0: Called Strike
0-1: Ball
1-1: Called Strike
1-2: Ball
2-2: Ball
3-2: Strikes out swinging
Batting: LHB Kendrick Sullivan 0-0: Ball
1-0: Ball
2-0: Fly out, F4 (Popup, 34D)
Bottom of the 3rd over - 0 run(s), 0 hit(s), 0 error(s), 0 left on base; Myrtle Beach 3 - Virginia Beach 1
TOP OF THE 4TH
Myrtle Beach Mermen batting - Pitching for Virginia Beach Deuces : RHP Orlando Uribe
Batting: RHB Sal Haynes 0-0: Ball
1-0: Foul Ball, location: 2F
1-1: Ball
2-1: DOUBLE (Line Drive, 78D)
Batting: RHB Theodore York 0-0: Called Strike
0-1: Called Strike
0-2: Foul Ball, location: 2F
Balk!
Sal Haynes to third
0-2: Strikes out looking
Batting: RHB Sancho Romero 0-0: Swinging Strike
0-1: Called Strike
0-2: Ball
1-2: Strikes out swinging
Batting: RHB Pancho Núñez 0-0: Swinging Strike
0-1: Called Strike
0-2: Ball
1-2: Strikes out swinging
Top of the 4th over - 0 run(s), 1 hit(s), 0 error(s), 1 left on base; Myrtle Beach 3 - Virginia Beach 1
BOTTOM OF THE 4TH
Virginia Beach Deuces batting - Pitching for Myrtle Beach Mermen : RHP José López
Batting: LHB Atílio Mansilhas 0-0: Fly out, F8 (Flyball, 8RM)
Batting: SHB Carlos Pérez 0-0: Foul Ball, location: 2F
0-1: Ball
1-1: Fly out, F9 (Flyball, 9)
Batting: RHB Reg Spiers 0-0: SINGLE (Line Drive, 6MD)
Batting: RHB Dennis Dudash 0-0: Called Strike
0-1: Ball
Wild Pitch!
Reg Spiers to second
1-1: Ball
2-1: Swinging Strike
2-2: Strikes out swinging
Bottom of the 4th over - 0 run(s), 1 hit(s), 0 error(s), 1 left on base; Myrtle Beach 3 - Virginia Beach 1
TOP OF THE 5TH
Myrtle Beach Mermen batting - Pitching for Virginia Beach Deuces : RHP Orlando Uribe
Batting: SHB David Vázquez 0-0: Called Strike
0-1: Called Strike
0-2: Foul Ball, location: 2F
0-2: Foul Ball, location: 2F
0-2: Strikes out looking
Batting: RHB Sergio Pérez 0-0: Swinging Strike
0-1: Foul Ball, location: 2F
0-2: Foul Ball, location: 2F
0-2: Ball
1-2: Ball
2-2: Ball
3-2: Fly out, F2 (Popup, 2R)
Batting: RHB Sixto Estrada 0-0: Foul Ball, location: 2F
0-1: Ball
1-1: Ball
2-1: Swinging Strike
2-2: Foul Ball, location: 2F
2-2: Ball
3-2: Foul Ball, location: 2F
3-2: Base on Balls
Batting: LHB Juan Villanueva 0-0: Ball
Sixto Estrada is caught stealing 2nd base
Top of the 5th over - 0 run(s), 0 hit(s), 0 error(s), 0 left on base; Myrtle Beach 3 - Virginia Beach 1
BOTTOM OF THE 5TH
Virginia Beach Deuces batting - Pitching for Myrtle Beach Mermen : RHP José López
Batting: SHB Gabriel Pittman 0-0: Called Strike
0-1: Ball
1-1: Foul Ball, location: 2F
1-2: Ball
2-2: Strikes out swinging
Batting: LHB Ramón Castro 0-0: Ball
1-0: Ball
2-0: Ball
3-0: Base on Balls
Batting: RHB Rodney Dudley 0-0: Called Strike
0-1: Ball
1-1: Called Strike
1-2: Ball
2-2: Ball
3-2: Ground out 6-3 (Groundball, 6MS)
Ramón Castro to second
Batting: RHB Robert Emmet Odlum 0-0: Foul Ball, location: 2F
0-1: Ball
1-1: Ball
2-1: Fly out, F9 (Flyball, 89S)
Bottom of the 5th over - 0 run(s), 0 hit(s), 0 error(s), 1 left on base; Myrtle Beach 3 - Virginia Beach 1
TOP OF THE 6TH
Myrtle Beach Mermen batting - Pitching for Virginia Beach Deuces : RHP Orlando Uribe
Batting: LHB Juan Villanueva 0-0: Swinging Strike
0-1: Ball
1-1: Called Strike
1-2: Ball
2-2: Ball
3-2: Strikes out swinging
Batting: LHB Philip Strickland 0-0: Called Strike
0-1: Foul Ball, location: 2F
0-2: Ball
1-2: Foul Ball, location: 2F
1-2: Ball
2-2: SINGLE (Line Drive, 6M)
Pitching: LHP José Carrasco
Batting: RHB Sal Haynes 0-0: Ball
1-0: Called Strike
1-1: Ball
2-1: Swinging Strike
2-2: Grounds into double play, 6-4-3 (Groundball, 6)
Top of the 6th over - 0 run(s), 1 hit(s), 0 error(s), 0 left on base; Myrtle Beach 3 - Virginia Beach 1
BOTTOM OF THE 6TH
Virginia Beach Deuces batting - Pitching for Myrtle Beach Mermen : RHP José López
Batting: LHB Kendrick Sullivan 0-0: Ball
1-0: SINGLE (Groundball, 4MS) (infield hit)
Batting: LHB Atílio Mansilhas 0-0: Ball
1-0: Ball
2-0: Called Strike
2-1: Called Strike
2-2: SINGLE (Groundball, 13) (infield hit)
Kendrick Sullivan to second
Batting: SHB Carlos Pérez 0-0: Ball
1-0: Ball
2-0: Ball
3-0: Called Strike
3-1: Called Strike
3-2: Base on Balls
Kendrick Sullivan to third
Atílio Mansilhas to second
Batting: RHB Reg Spiers 0-0: Foul Ball, location: 2F
0-1: Ball
1-1: Ball
Wild Pitch!
Kendrick Sullivan scores
Atílio Mansilhas to third
Carlos Pérez to second
2-1: Foul Ball, location: 2F
2-2: Ball
3-2: Base on Balls
Batting: RHB Dennis Dudash 0-0: Fly out, F9 (Line Drive, 9S)
Lined into DP, 9-6 (Line Drive, 9S)
Batting: SHB Gabriel Pittman 0-0: Ball
1-0: Called Strike
1-1: Swinging Strike
1-2: Strikes out swinging
Bottom of the 6th over - 1 run(s), 2 hit(s), 0 error(s), 2 left on base; Myrtle Beach 3 - Virginia Beach 2
TOP OF THE 7TH
Myrtle Beach Mermen batting - Pitching for Virginia Beach Deuces : LHP José Carrasco
Batting: RHB Theodore York 0-0: Ball
1-0: Called Strike
1-1: Ball
2-1: Ball
3-1: Ground out 1-3 (Groundball, 13)
Batting: RHB Sancho Romero 0-0: Called Strike
0-1: Ball
1-1: Ball
2-1: Foul Ball, location: 2F
2-2: Ball
3-2: Fly out, F3 (Popup, 3L)
Batting: RHB Pancho Núñez 0-0: Called Strike
0-1: Ball
1-1: DOUBLE (Line Drive, 9LM)
Batting: SHB David Vázquez 0-0: Ball
1-0: Ball
2-0: Ground out 5-3 (Groundball, 5)
Top of the 7th over - 0 run(s), 1 hit(s), 0 error(s), 1 left on base; Myrtle Beach 3 - Virginia Beach 2
BOTTOM OF THE 7TH
Virginia Beach Deuces batting - Pitching for Myrtle Beach Mermen : RHP José López
Batting: LHB Ramón Castro 0-0: Ball
1-0: Ball
2-0: Ball
3-0: Called Strike
3-1: Base on Balls
Pinch Hitting: LHB Alfonso Núñez 0-0: Sac Bunt - play at first, batter OUT! 1-3
Ramón Castro to second
Pinch Hitting: LHB Félix González 0-0: Ball
1-0: Foul Ball, location: 2F
1-1: Ball
2-1: Swinging Strike
2-2: Ground out 4-3 (Groundball, 4)
Ramón Castro to third
Batting: LHB Kendrick Sullivan 0-0: Called Strike
0-1: Fly out, F4 (Line Drive, 4M)
Bottom of the 7th over - 0 run(s), 0 hit(s), 0 error(s), 1 left on base; Myrtle Beach 3 - Virginia Beach 2
TOP OF THE 8TH
Myrtle Beach Mermen batting - Pitching for Virginia Beach Deuces : LHP José Carrasco
Now in LF: Alfonso Núñez
Batting: RHB Sergio Pérez 0-0: Ball
Now in CF: Félix González 1-0: Foul Ball, location: 2F
1-1: Ball
2-1: Ball
3-1: Called Strike
3-2: SINGLE (Groundball, 6MD)
Batting: RHB Sixto Estrada 0-0: Ball
1-0: Called Strike
1-1: Ball
2-1: Sac Bunt - play at first, batter OUT! 5-4
Sergio Pérez to second
Batting: LHB Juan Villanueva 0-0: Ball
1-0: Called Strike
1-1: Ball
2-1: Fly out, F9 (Flyball, 89XD)
Runner from 2nd tags up, SAFE at 3rd, no throw
Pinch Hitting: RHB Javier Robles 0-0: Ball
1-0: Ball
2-0: Called Strike
2-1: Ball
3-1: Base on Balls
Batting: RHB Sal Haynes 0-0: Ball
1-0: Called Strike
1-1: Fly out, F8 (Flyball, 8RXD)
Top of the 8th over - 0 run(s), 1 hit(s), 0 error(s), 2 left on base; Myrtle Beach 3 - Virginia Beach 2
BOTTOM OF THE 8TH
Virginia Beach Deuces batting - Pitching for Myrtle Beach Mermen : RHP José López
Now at 1B: Javier Robles
Batting: LHB Atílio Mansilhas 0-0: Called Strike
0-1: SINGLE (Flyball, 7LM)
Batting: SHB Carlos Pérez 0-0: Ball
1-0: Ball
2-0: Foul Ball, location: 2F
2-1: SINGLE (Groundball, 4S) (infield hit)
Atílio Mansilhas to second
Batting: RHB Reg Spiers 0-0: Called Strike
0-1: Reached via error on a dropped throw, E4
Atílio Mansilhas to third
Carlos Pérez to second
Pinch Hitting: RHB Zander Bailey 0-0: Called Strike
0-1: Foul Ball, location: 2F
0-2: Ball
1-2: Ball
2-2: Foul Ball, location: 2F
2-2: Fly out, F7 (Flyball, 78M)
Runner from 3rd tags up, SCORES, no throw
Pitching: LHP Francisco Gonsáles
Pinch Hitting: RHB Victor Housel 0-0: Foul Ball, location: 2F
0-1: Fly out, F7 (Flyball, 7LMF)
Pinch Hitting: RHB Júlio Becerra 0-0: Ball
1-0: Foul Ball, location: 2F
1-1: Ball
2-1: Ball
3-1: Called Strike
3-2: Base on Balls
Carlos Pérez to third
Reg Spiers to second
Pinch Hitting: RHB James Hill 0-0: Ball
1-0: Foul Ball, location: 2F
1-1: Ball
2-1: Foul Ball, location: 2F
2-2: Ball
3-2: Fly out, F1 (Line Drive, 15S)
Bottom of the 8th over - 1 run(s), 2 hit(s), 1 error(s), 3 left on base; Myrtle Beach 3 - Virginia Beach 3
TOP OF THE 9TH
Myrtle Beach Mermen batting - Pitching for Virginia Beach Deuces : LHP José Carrasco
Pitching: LHP Aurelio Ornelas
Now at 1B: Júlio Becerra
Now at 2B: Zander Bailey
Now at 3B: Victor Housel
Now in RF: Harry Freidricks
Batting: RHB Theodore York 0-0: Foul Ball, location: 2F
0-1: Ball
1-1: Called Strike
1-2: Ball
2-2: Foul Ball, location: 2F
2-2: DOUBLE (Line Drive, 7D) - OUT at third base trying to stretch hit.
Batting: RHB Sancho Romero 0-0: Ball
1-0: Fly out, F9 (Line Drive, 9)
Pinch Hitting: RHB Maik Palen 0-0: Ball
1-0: Called Strike
1-1: Ball
2-1: Swinging Strike
2-2: Strikes out swinging
Top of the 9th over - 0 run(s), 1 hit(s), 0 error(s), 0 left on base; Myrtle Beach 3 - Virginia Beach 3
BOTTOM OF THE 9TH
Virginia Beach Deuces batting - Pitching for Myrtle Beach Mermen : LHP Francisco Gonsáles
Now at 1B: Maik Palen
Pinch Hitting: RHB Oscar Stephens 0-0: Called Strike
0-1: Called Strike
0-2: Ball
1-2: SINGLE (Groundball, 4D)
Pinch Runner at 1st Gray Buddenberg:
Batting: LHB Kendrick Sullivan 0-0: Ball
1-0: Ball
2-0: Called Strike
2-1: Foul Ball, location: 2F
2-2: Ball
3-2: Ground out U3 (Groundball, 2R)
Gray Buddenberg to second
Pinch Hitting: RHB Clarence Weber 0-0: 2-RUN HOME RUN (Flyball, 7D), Distance : 413 ft
Saturday, May 26th, 2018 - OOTP Baseball 17.12 Build 75